 Dungeon Crawl Stone Soup version 0.32-a0-433-g08bcfe7efd (webtiles) character file.

Game seed: 5757720569243805907

1547 jasper the Trooper (level 8, -1/60 HPs)
             Began as a Coglin Chaos Knight on Feb 22, 2024.
             Was a Priest of Hepliaklqana.
             Succumbed to a water moccasin's poison
             ... on level 7 of the Dungeon.
             The game lasted 00:08:14 (6065 turns).

jasper the Trooper (Coglin Chaos Knight)            Turns: 6065, Time: 00:08:15

Health: -1/60      AC:  6    Str: 14    XL:     8   Next: 87%
Magic:  8/8        EV: 14    Int: 12    God:    Hepliaklqana [***...]
Gold:   299        SH:  0    Dex: 16    Spells: 7/7 levels left

rFire   + . .        o - +0 flail {Ajinder}
rCold   . . .        n - +1 flail (flame) {Xiang}
rNeg    . . .        b - +3 leather armour
rPois   .            (no helmet)
rElec   .            (no cloak)
rCorr   .            (no gloves)
SInv    .            (no boots)
Will    +....        (no amulet)
Stlth   ++           (no ring)
HPRegen 0.30/turn    (no ring)
MPRegen 0.11/turn

%: no passive effects
@: confused, lethally poisoned (-1 -> -33), ambrosia-drunk, enlightened, flying,
revved
A: reduced essence, off-hand wielding, slow wielding, warmup strikes, legs
shutdown, thin skeletal structure 1, fire resistance 1
a: Renounce Religion, Recall Ancestor, Ancestor Identity, Transference


You were on level 7 of the Dungeon.
You worshipped Hepliaklqana.
Hepliaklqana was most pleased with you.
You visited 1 branch of the dungeon, and saw 7 of its levels.

You collected 299 gold pieces.

Inventory:

Hand Weapons
 a - a +0 mace of chaos {Gurmehar}
 k - a +0 club {Jinae}
 n - a +1 flail of flaming (offhand) {Xiang}
 o - a +0 flail (weapon) {Ajinder}
Missiles
 g - 27 stones
 i - 2 throwing nets
 j - 11 boomerangs (quivered)
Armour
 b - a +3 leather armour (worn)
 w - a +0 chain mail
Magical Staves
 f - a staff of cold
Wands
 h - a wand of flame (17)
 r - a wand of iceblast (4)
 s - a wand of acid (11)
Scrolls
 c - a scroll of butterflies
 m - a scroll of vulnerability {unknown}
 t - a scroll of enchant armour
 u - 2 scrolls of teleportation
 v - a scroll of identify
Potions
 l - 2 potions of mutation
 p - a potion of attraction {unknown}
 q - a potion of heal wounds {unknown}
 x - 2 potions of enlightenment
 z - a potion of cancellation {unknown}
Miscellaneous
 d - a phantom mirror


   Skills:
 + Level 7.0 Fighting
 - Level 2.6 Maces & Flails
 + Level 5.9 Armour
 + Level 5.6 Dodging


You had 7 spell levels left.
You didn't know any spells.
Your spell library contained the following spells:

 Spells                   Type           Power      Damage    Failure   Level
 Shock                    Conj/Air       0%         1d3       38%         1
 Slow                     Hex            0%         N/A       38%         1
 Cigotuvi's Dreadful Rot  Necr/Alch/Air  0%         N/A       52%         2
 Lesser Beckoning         Tloc           0%         N/A       52%         2
 Confusing Touch          Hex            0%         N/A       77%         3
 Gell's Gravitas          Tloc           0%         N/A       77%         3
 Sigil of Binding         Hex            0%         N/A       77%         3
 Swiftness                Air            0%         N/A       77%         3
 Teleport Other           Tloc           0%         N/A       77%         3
 Vampiric Draining        Necr           0%         2d6       77%         3
 Airstrike                Air            0%         2d(0-16)  99%         4
 Dispel Undead            Necr           0%         3d6       99%         4
 Martyr's Knell           Necr/Summ      0%         N/A       99%         4
 Death Channel            Necr           0%         N/A       100%        6


Dungeon Overview and Level Annotations

Branches:
Dungeon (7/15)             Temple (0/1) D:5

Altars:
Ashenzari
Hepliaklqana
Sif Muna
Xom
Yredelemnul

Annotations:
D:6 1 runed translucent door, DeathSocks's ghost, novice DsMo


Innate Abilities, Weirdness & Mutations

Your life essence is reduced to manifest your ancestor. (-10% HP)
You can wield a second weapon in your off-hand.
It takes a long time for you to wield or remove held weapons.
Your first few attacks do less damage.
Attacking and casting redirects power from your legs.
You have a somewhat thin skeletal structure. (Dex +2, Stealth+)
Your flesh is heat resistant. (rF+)


Message History

The water moccasin barely misses you. The kobold brigand barely misses you.
The water moccasin bites you.
You take 8 damage, and have 29/60 hp.
You closely miss the kobold brigand with your +1 flail of flaming.
The kobold brigand is moderately wounded.
You hit the kobold brigand with your +0 flail.
You feel very sick. The kobold brigand misses you.
The water moccasin bites you.
The kobold brigand hits you but does no damage.
You take 6 damage, and have 23/60 hp.
You hit the kobold brigand with your +1 flail of flaming.
You burn the kobold brigand.
The kobold brigand is heavily wounded.
You miss the kobold brigand with your +0 flail.
You feel very sick.
The water moccasin bites you but does no damage.
The water moccasin bites you.
* * * LOW HITPOINT WARNING * * *
You are lethally poisoned!
The water moccasin poisons you! The kobold brigand barely misses you.
You take 6 damage, and have 17/60 hp.
It was a potion of enlightenment.
You feel very buoyant.
You fly up into the air.
You are no longer unable to travel.
* * * LOW HITPOINT WARNING * * *
You feel very sick. The water moccasin bites you.
* * * LOW HITPOINT WARNING * * *
You are more poisoned.
The water moccasin poisons you!
The kobold brigand hits you with a +0 club.
* * * LOW HITPOINT WARNING * * *
You take 15 damage, and have 2/60 hp.
MASSIVE DAMAGE!!
It was a potion of ambrosia.
You are confused.
You feel invigorated.
You die...
Hepliaklqana delivers you to your ancestors.
Xom titters!

## .## .. ..
.##### K....
###S.# #R@K.# ###
#.##.# ..# ...#
#.# # #.##.#.##
#.# #.##....# #.#
#.##....# #.#
#.##....###'#####
##.#.............#
#........#.......#


You could see the friendly Axodd the battlemage, a water moccasin (ally target),
a kobold brigand and a kobold.

Vanquished Creatures
  A black bear (D:5)
  A scorpion (D:5)
  A howler monkey (D:6)
  2 hounds
  A jelly (D:6)
  2 gnoll boudas
  Terence (D:2)
  An iguana (D:4)
  An orc wizard (D:6)
  4 gnolls
  6 adders
  A white imp (D:6)
  5 dart slugs
  A ribbon worm (D:5)
  4 orcs
  6 endoplasms
  5 giant cockroaches
  9 goblins
  5 hobgoblins
  5 quokkas
  4 ball pythons
  6 bats
  A frilled lizard (D:2)
  7 kobolds
  2 rats
82 creatures vanquished.

Vanquished Creatures (collateral kills)
  Pikel (D:4)
  Eustachio (D:4)
  An ice beast (D:6)
  A jelly (D:6)
  2 hounds
  2 sleepcaps
  An iguana (D:5)
  An orc wizard (D:6)
  4 gnolls (D:6)
  An adder (D:6)
  2 shadow imps (D:5)
  A dart slug (D:3)
  An orc (D:6)
  2 kobolds (D:7)
21 creatures vanquished.

Grand Total: 103 creatures vanquished

Notes
Turn   | Place    | Note
-------+----------+-------------------------------------------
     0 | D:1      | jasper the Coglin Chaos Knight began the quest for the Orb.
     0 | D:1      | Reached XP level 1. HP: 18/18 MP: 1/1
    41 | D:1      | Reached skill level 1 in Dodging
    61 | D:1      | Reached XP level 2. HP: 24/24 MP: 2/2
   401 | D:1      | You fall into a shaft and drop 1 floor!
   414 | D:2      | Reached XP level 3. HP: 29/29 MP: 3/3
   756 | D:2      | Noticed Terence
   765 | D:2      | XOM: chaos upgrade
   768 | D:2      | Killed Terence
   769 | D:2      | Reached XP level 4. HP: 32/37 MP: 4/4
   809 | D:2      | XOM: scenery: 1 doors close
   913 | D:2      | XOM: give mutations
   913 | D:2      | Gained mutation: Your flesh is heat resistant. (rF+) [Xom's
                  | grace]
   913 | D:2      | Gained mutation: You have a somewhat thin skeletal
                  | structure. (Dex +2, Stealth+) [Xom's grace]
  1193 | D:2      | XOM: god gift: phantom mirror
  1561 | D:3      | Noticed Sigmund
  1562 | D:3      | Sigmund changed into Sigmund the bat
  1562 | D:3      | Noticed Sigmund
  1562 | D:3      | XOM: polymorph Sigmund -> Sigmund the bat
  1570 | D:3      | Killed Sigmund the bat
  1599 | D:3      | Reached skill level 4 in Fighting
  1604 | D:3      | Reached XP level 5. HP: 42/42 MP: 5/5
  1913 | D:3      | Found a faded altar of an unknown god.
  1917 | D:3      | Found a basalt altar of Yredelemnul.
  1922 | D:3      | Prayed at the altar of an unknown god.
  1922 | D:3      | Fell from the grace of Xom
  1922 | D:3      | Became a worshipper of Hepliaklqana the Forgotten
  1922 | D:3      | Reached * piety under Hepliaklqana
  2465 | D:3      | Found a faded altar of an unknown god.
  2639 | D:4      | Reached XP level 6. HP: 34/44 MP: 6/6
  2731 | D:4      | Reached ** piety under Hepliaklqana
  2733 | D:4      | Remembered your ancestor Axodd as a battlemage
  3017 | D:4      | Noticed Pikel
  3037 | D:4      | Killed Pikel
  3038 | D:4      | Reached skill level 5 in Fighting
  3038 | D:4      | Reached XP level 7. HP: 33/50 MP: 7/7
  3139 | D:4      | Noticed Eustachio
  3147 | D:4      | XOM: enchant monster (bad)
  3169 | D:4      | Killed Eustachio
  3441 | D:4      | XOM: torment (27/51 hp)
  3589 | D:5      | Entered Level 5 of the Dungeon
  3593 | D:5      | Reached XP level 8. HP: 57/57 MP: 8/8
  3728 | D:5      | Reached skill level 6 in Fighting
  3728 | D:5      | Reached skill level 5 in Armour
  3792 | D:5      | Found a staircase to the Ecumenical Temple.
  4026 | D:5      | Reached *** piety under Hepliaklqana
  4092 | D:5      | XOM: cloud trail
  4154 | D:5      | Reached skill level 5 in Dodging
  4811 | D:6      | XOM: chaos upgrade
  4961 | D:6      | Found a shimmering altar of Xom.
  5459 | D:6      | Found a runed translucent door.
  5459 | D:6      | Found a shimmering altar of Xom.
  5459 | D:6      | Noticed a +1 short sword of chaos
  5459 | D:6      | Noticed DeathSocks's ghost (novice DsMo)
  5650 | D:6      | Reached skill level 7 in Fighting
  5763 | D:6      | Found a shimmering blue altar of Sif Muna.
  5763 | D:6      | Found a broken altar of Ashenzari.
  6064 | D:7      | HP: 2/60 [kobold brigand/+0 club (5)]
  6065 | D:7      | Succumbed to a water moccasin's poison

Illustrated notes

Levels and vault maps discovered:
D:1:      dpeg_arrival_leaves_temple_mockup, layout_rooms, serial_rivers,
          chequers_serial_rivers_small_b, chequers_serial_rivers_micro_a,
          chequers_serial_rivers_micro_c, chequers_serial_rivers_small_3
D:2:      layout_basic, nicolae_elevator_lobby_asterisk, uniq_terence
D:3:      layout_basic, nicolae_overflow_ecumenical_swirl,
          shapermc_ecumenical_altar_pompeii, uniq_sigmund
D:4:      cheibrodos_quashed, layout_basic, dreamdust_princess_bridge,
          uniq_eustachio, uniq_pikel
D:5:      layout_layer_cave, temple_doors_e, minmay_misc_feat_ornament
D:6:      layout_layer_cave, mainiacjoe_overflow_cross_hatched,
          gammafunk_temple_overflow_statue, ebering_ghost_xom,
          ebering_dispersal_statue_hall, skrybe_limestone_x
D:7:      layout_basic, serial_shops, kennysheep_little_box, enter_bailey_2,
          amethyst_killhole, hangedman_decor_lopped, kennysheep_generic_room_15

Skill      XL: |  1  2  3  4  5  6  7  8 |
---------------+-------------------------+-----
Dodging        | 1 2 3 4 5 |  5.6
Armour         | 2 3 4 5 |  5.9
Fighting       | 4 5 7 |  7.0
Maces & Flails | |  2.6

Action                     |  1- 3 |  4- 6 |  7- 9 || total
---------------------------+-------+-------+-------++-------
  Melee: Mace              |    51 |    73 |       ||   124
         Club              |     9 |    64 |       ||    73
         Flail             |       |    38 |   128 ||   166
 Invoke: Ancestor Life: Ba |       |     1 |       ||     1
    Use: Scroll            |       |     6 |     9 ||    15
         Potion            |       |       |     4 ||     4
   Stab: Sleeping          |     1 |     7 |     3 ||    11
         Distracted        |       |       |     2 ||     2
 Armour: Leather armour    |    22 |    44 |    69 ||   135
  Dodge: Dodged            |    27 |    57 |    73 ||   157

Table legend: (Time is in decaauts)
 A = Elapsed time spent in this place.
 B = Non-inter-level travel time spent in this place.
 C = Inter-level travel time spent in this place.
 D = Time resting spent in this place.
 E = Time spent auto-exploring this place.
 F = Levels seen in this place.
 G = Mean time per level.
                   A        B        C        D        E       F      G
               +--------+--------+--------+--------+--------+-----+--------+
         Total |   6123 |   5918 |    205 |    200 |   4834 |   7 |  874.7 |
       Dungeon |   6123 |   5918 |    205 |    200 |   4834 |   7 |  874.7 |
               +--------+--------+--------+--------+--------+-----+--------+

Top non-repeatable levels by time:
     D:6: 1221 daAuts
     D:5: 1196 daAuts
     D:4: 1083 daAuts
     D:3: 1002 daAuts
     D:2: 977 daAuts
     D:1: 573 daAuts
     D:7: 68 daAuts
